 Dungeon Crawl Stone Soup version 0.30-b1-2-g02819fbbbe (webtiles) character file.

Game seed: 8644547822055215792

1681 Flugkiller the Cleaver (level 8, -14/71 HPs)
             Began as a Minotaur Fighter on May 8, 2023.
             Was a Believer of Okawaru.
             Demolished by a two-headed ogre
             ... wielding a +0 giant club
              (18 damage)
             ... on level 7 of the Dungeon.
             The game lasted 00:02:35 (5193 turns).

Flugkiller the Cleaver (Minotaur Fighter)           Turns: 5193, Time: 00:02:36

Health: -14/71     AC: 12    Str: 23    XL:     8   Next: 71%
Magic:  7/9        EV: 11    Int:  5    God:    Okawaru [**....]
Gold:   310        SH:  7    Dex: 16    Spells: 7/7 levels left

rFire   . . .        a - +2 war axe
rCold   . . .        C - +0 buckler
rNeg    . . .        u - +0 chain mail
rPois   .            (helmet restricted)
rElec   .            (no cloak)
rCorr   .            (no gloves)
SInv    +            (no boots)
Will    .....        (no amulet) Stlth
                     i - ring of see invisible
HPRegen 0.31/turn    f - +6 ring of dexterity
MPRegen 0.11/turn

%: no passive effects
@: heroic, hasted, very quick
A: horns 2, retaliatory headbutt
a: Renounce Religion, Heroism


You were on level 7 of the Dungeon.
You worshipped Okawaru.
Okawaru was pleased with you.
You visited 1 branch of the dungeon, and saw 7 of its levels.

You collected 359 gold pieces.
You spent 49 gold pieces at shops.

Inventory:

Hand Weapons
 a - a +2 war axe (weapon)
Armour
 b - a +0 scale mail
 u - a +0 chain mail (worn)
   (You took it off an orc on level 3 of the Dungeon)
 C - a +0 buckler (worn)
Jewellery
 c - a ring of protection from cold
   (You found it on level 7 of the Dungeon)
 f - a +6 ring of dexterity (right hand)
   (You found it on level 5 of the Dungeon)
 i - a ring of see invisible (left hand)
   (You found it on level 2 of the Dungeon)
Wands
 g - a wand of digging (7)
   (You found it on level 7 of the Dungeon)
 k - a wand of mindburst (14)
   (You found it on level 5 of the Dungeon)
 B - a wand of acid (8)
   (You found it on level 6 of the Dungeon)
Scrolls
 l - a scroll of blinking {unknown}
 r - 2 scrolls of identify
 s - a scroll of fog
 t - a scroll of teleportation
 w - a scroll of summoning {unknown}
 x - 2 scrolls of fear {unknown}
 A - a scroll of noise {unknown}
 D - a scroll of enchant armour {unknown}
Potions
 d - 2 potions of might
 e - a potion of invisibility {unknown}
 h - a potion of haste
 j - 2 potions of brilliance
 m - 4 potions of heal wounds {unknown}
 n - a potion of attraction {unknown}
 o - 2 potions of resistance {unknown}
 p - 2 potions of cancellation {unknown}
 q - 4 potions of curing
 v - 2 potions of lignification {unknown}
 z - a potion of degeneration {unknown}


   Skills:
 + Level 6.5(11.5) Fighting
 * Level 8.3(13.3) Axes
 + Level 6.6(11.6) Armour
 - Level 0.6(5.6) Dodging
 + Level 6.4(11.4) Shields
 + Level 3.9 Invocations


You had 7 spell levels left.
You didn't know any spells.
Your spell library was empty.

Dungeon Overview and Level Annotations

Branches:
Dungeon (7/15)             Temple (0/1) D:6

Altars:
Cheibriados
Fedhas
Gozag
Makhleb
Okawaru
Ru
Zin

Shops:
D:5 *

Annotations:
D:4 2 transporters, qborf's ghost, amateur MeHs


Innate Abilities, Weirdness & Mutations

You have a pair of horns on your head.
You reflexively headbutt those who attack you in melee.


Message History

The orc wizard is almost dead.
The orc wizard hits you with a +0 dagger.
You slash the orc wizard!
You kill the orc wizard!
Okawaru accepts your kill.
HP restored.
Things that are here:
a +0 dagger; a +1 robe of willpower; an orc corpse No target in view!
p - 2 ruby potions (gained 1)
Things that are here:
a +2 whip of pain; a +0 leather armour You see here a ring of ice.
The orc shouts!
You hear a shout!
An orc is nearby!
The orc throws a stone.
You block the stone.
The orc throws a stone.
The stone closely misses you.
The orc throws a stone.
The stone hits you.
An orc priest comes into view. It is wielding a +0 dagger.
The orc priest shouts!
You slash the orc!
You kill the orc!
Okawaru accepts your kill.
An orc warrior comes into view. It is wielding a +0 war axe.
Things that are here:
a +0 dagger; 2 stones The orc warrior shouts!
You hear two shouts!
A killer bee comes into view.
You closely miss the orc priest.
The killer bee buzzes angrily.
Your headbutt misses the orc priest.
You hear a shout!
The orc priest hits you with a +0 dagger.
You slash the orc priest!
You kill the orc priest!
Okawaru accepts your kill.
There are monsters nearby!
The killer bee stings you.
The killer bee stings you but does no damage.
You see here a +0 dagger.
There are monsters nearby!
You hit the orc warrior. You headbutt the orc warrior!
The orc warrior is moderately wounded.
You miss the killer bee. The killer bee barely misses you.
You furiously retaliate!
You headbutt the killer bee!
The killer bee stings you but does no damage.
An orc priest comes into view.
It is wielding a +1 short sword of venom.
The orc warrior hits you with a +0 war axe!
An orc comes into view. It is wielding a +0 hand axe.
The orc warrior hits you with a +0 war axe!
The killer bee stings you.
You miss the killer bee.
The killer bee is heavily wounded.
You hit the orc warrior but do no damage.
You block the killer bee's attack. The killer bee closely misses you.
You furiously retaliate!
You headbutt the killer bee.
The orc warrior hits you but does no damage.
You miss the killer bee.
The killer bee is severely wounded.
You hit the orc warrior. The killer bee barely misses you.
You furiously retaliate!
You headbutt the killer bee!
You kill the killer bee!
Okawaru accepts your kill.
Okawaru will now gift you throwing weapons as you gain piety.
The orc warrior barely misses you. You furiously retaliate!
You headbutt the orc warrior.
You gain the combat prowess of a mighty hero.
Okawaru will no longer gift you throwing weapons.
The orc priest invokes the aid of Beogh against you.
Beogh smites you!
The orc warrior hits you with a +0 war axe.
You are too injured to fight recklessly!
You hit the orc warrior but do no damage.
You headbutt the orc warrior, but do no damage.
The orc warrior is severely wounded.
The orc warrior hits you with a +0 war axe!
* * * LOW HITPOINT WARNING * * *
The orc priest calls upon Beogh to heal the orc warrior.
The orc warrior is healed somewhat.
The orc warrior attacks as you move away!
You block the orc warrior's attack.
The orc priest looks braver for a moment.
The orc warrior attacks as you move away!
The orc warrior hits you with a +0 war axe.
* * * LOW HITPOINT WARNING * * *
Things that are here:
a +0 dagger; 2 stones
Okay, then.
It was a potion of curing.
You feel better.
q - 5 potions of curing;
k - a wand of mindburst (14)
The orc warrior hits you with a +0 war axe!
* * * LOW HITPOINT WARNING * * *
Okay, then.
You feel better. You block the orc warrior's attack.
It was a potion of haste.
You feel yourself speed up.
h - a potion of haste;
v - 2 orange potions The two-headed ogre hits you with a +0 giant club!
* * * LOW HITPOINT WARNING * * *
The two-headed ogre hits you with a +0 giant spiked club!!
You die...

#.......##...#....###.
##......##...........#
####......#.........#...
##.....#........###.......#
##...##.#..÷....># #.......#
#...###..=.......###.......#
>.#####..##................# #..#
#...##................# #
..####..###.....@o.........# ##
.))##..##...#...Oo..o......# #.
.<))...##..#......).....)..# ##
...#......?##......†.......######
...#...)...#......[...........##O
...........#..............<......
...#.......#.....................
...#......####..#.#............#.
...........#.#..#.##...........#.


You could see a two-headed ogre, an orc warrior, an orc priest and an orc.

Vanquished Creatures
  3 water moccasins
  An ice beast (D:5)
  A sky beast (D:7)
  A centaur (D:7)
  2 bullfrogs
  4 scorpions
  A killer bee (D:7)
  3 howler monkeys (D:7)
  A hound (D:6)
  4 orc priests
  2 jellies
  Jessica (D:2)
  3 iguanas
  Terence (D:3)
  2 orc wizards
  3 gnolls (D:4)
  6 adders
  An ufetubus (D:5)
  3 worms
  A dart slug (D:3)
  12 orcs
  8 endoplasms
  5 giant cockroaches
  7 goblins
  8 hobgoblins
  A jackal (D:3)
  5 quokkas
  12 ball pythons
  2 bats
  5 frilled lizards
  7 kobolds
  4 rats
120 creatures vanquished.

Notes
Turn   | Place    | Note
-------+----------+-------------------------------------------
     0 | D:1      | Flugkiller the Minotaur Fighter began the quest for the
                  | Orb.
     0 | D:1      | Reached XP level 1. HP: 19/19 MP: 0/0
   150 | D:1      | Reached XP level 2. HP: 27/27 MP: 1/1
   159 | D:1      | Reached skill level 3 in Axes
   433 | D:2      | Reached XP level 3. HP: 33/33 MP: 2/2
   623 | D:2      | Noticed Jessica
   626 | D:2      | Killed Jessica
   665 | D:2      | Reached XP level 4. HP: 40/40 MP: 3/3
   782 | D:2      | Found an iron altar of Okawaru.
   808 | D:2      | Became a worshipper of Warmaster Okawaru
  1254 | D:3      | Found a snail-covered altar of Cheibriados.
  1254 | D:3      | Found a glowing silver altar of Zin.
  1348 | D:3      | Reached skill level 4 in Axes
  1411 | D:3      | Noticed a scorpion
  1417 | D:3      | Killed a scorpion
  1418 | D:3      | Reached XP level 5. HP: 40/47 MP: 4/4
  1761 | D:3      | Found a sacrificial altar of Ru.
  1763 | D:3      | Found a blossoming altar of Fedhas.
  1764 | D:3      | Found an opulent altar of Gozag.
  1785 | D:3      | Noticed Terence
  1802 | D:3      | Killed Terence
  1803 | D:3      | Reached skill level 1 in Invocations
  2104 | D:4      | Found a transporter.
  2302 | D:4      | Reached * piety under Okawaru
  2303 | D:4      | Reached skill level 5 in Axes
  2303 | D:4      | Reached XP level 6. HP: 44/53 MP: 6/6
  2516 | D:4      | Found a transporter.
  2518 | D:4      | Noticed qborf's ghost (amateur MeHs)
  2754 | D:5      | Entered Level 5 of the Dungeon
  2775 | D:5      | Reached skill level 5 in Fighting
  2775 | D:5      | Reached skill level 5 in Armour
  2926 | D:5      | Found a burning altar of Makhleb.
  3065 | D:5      | Reached skill level 5 in Shields
  3166 | D:5      | Found Gicweddo's Assorted Antiques.
  3181 | D:5      | Reached XP level 7. HP: 45/61 MP: 7/7
  3257 | D:5      | Bought a scroll labelled SAUTSY XUOSUL for 17 gold pieces
  3257 | D:5      | Bought a scroll labelled EROMUFE VOGA for 17 gold pieces
  3257 | D:5      | Bought a brown potion for 15 gold pieces
  3302 | D:5      | Reached skill level 6 in Axes
  3992 | D:6      | Found a staircase to the Ecumenical Temple.
  4440 | D:6      | Reached ** piety under Okawaru
  4573 | D:7      | Reached skill level 7 in Axes
  4629 | D:7      | Reached XP level 8. HP: 61/70 MP: 9/9
  4642 | D:7      | Noticed a two-headed ogre
  4978 | D:7      | Reached skill level 8 in Axes
  5186 | D:7      | Reached *** piety under Okawaru
  5191 | D:7      | HP: 3/71 [orc warrior/+0 war axe (12)]
  5193 | D:7      | Demolished by a two-headed ogre

Illustrated notes

Levels and vault maps discovered:
D:1:      psy_arrival_statuary, layout_rooms, minmay_hexomino_f4
D:2:      layout_basic, basic_altar, grunt_ministairs_6, uniq_jessica
D:3:      minmay_chambers_of_twos, layout_basic,
          mainiacjoe_overflow_divided_tiny, grunt_temple_overflow_open,
          minmay_misc_feat_encased, uniq_terence
D:4:      layout_basic, gammafunk_ghost_arena
D:5:      layout_loops_corners, mainiacjoe_overflow_paths, serial_shops,
          nicolae_shop_temple_entry_statues_fountains
D:6:      layout_basic, minmay_temple_entry_sparse_star
D:7:      minmay_chambers_of_sevens, layout_cave_pools,
          overflow_temple_1_default, minmay_manual_monstrance

Skill      XL: |  1  2  3  4  5  6  7  8 |
---------------+-------------------------+-----
Axes           | 3 4 5 7 8 |  8.3
Armour         | 4 5 6 |  6.6
Fighting       | 4 5 6 |  6.5
Shields        | 4 5 6 |  6.4
Invocations    | 1 2 3 |  3.9
Dodging        | |  0.6

Action                     |  1- 3 |  4- 6 |  7- 9 || total
---------------------------+-------+-------+-------++-------
  Melee: War axe           |    78 |   131 |    86 ||   295
         Headbutt          |     9 |    22 |    13 ||    44
 Invoke: Heroism           |       |       |     2 ||     2
    Use: Scroll            |       |     8 |     1 ||     9
         Potion            |       |       |     3 ||     3
 Armour: Scale mail        |    35 |    20 |       ||    55
         Chain mail        |       |    33 |    67 ||   100
  Dodge: Dodged            |    23 |    42 |    40 ||   105
  Block: Buckler           |    20 |    28 |    32 ||    80
